AA
ST. PAUL SAINTS @ WINNIPEG GOLDEYES
07/18/2072
 
TOP OF THE 1ST
St. Paul Saints batting - Pitching for Winnipeg Goldeyes : RHP Josh Goossen-Brown
Pitching: RHP Josh Goossen-Brown
Batting: LHB Ray Hammond 0-0: Ball
1-0: Ball
2-0: Ball
3-0: Base on Balls
Batting: RHB Rylan Sandoval 0-0: Called Strike
0-1: Ball
1-1: Ball
2-1: Foul Ball, location: 2F
2-2: Fielders Choice at 2nd, 4-6 (Groundball, 4S, EV 91.9 MPH)
Batting: SHB Davi Entrevinhas 0-0: Fly out, F9 (Line Drive, 9, EV 85.0 MPH)
Batting: RHB Darryl Kirkpatrick 0-0: Called Strike
0-1: Foul Ball, location: 2F
0-2: Ball
1-2: Strikes out looking
Top of the 1st over - 0 runs, 0 hits, 0 errors, 1 left on base; St. Paul 0 - Winnipeg 0
BOTTOM OF THE 1ST
Winnipeg Goldeyes batting - Pitching for St. Paul Saints : RHP Rich Latham
Pitching: RHP Rich Latham
Batting: LHB David Ortega 0-0: Swinging Strike
0-1: SINGLE (Flyball, 34D, EV 99.4 MPH)
Batting: LHB Edwin Chavez 0-0: Ball
David Ortega steals 2nd base
1-0: Called Strike
1-1: Ground out 5-3 (Groundball, 5, EV 83.1 MPH)
Batting: RHB Jason Quillen 0-0: Called Strike
David Ortega steals 3rd base
0-1: 2-RUN HOME RUN (Flyball, 7D, EV 92.5 MPH), Distance : 384 ft
Batting: RHB Gene Gorham 0-0: Called Strike
0-1: Foul Ball, location: 2F
0-2: Strikes out looking
Batting: SHB Norman Moffatt 0-0: Called Strike
0-1: Swinging Strike
0-2: Ball
1-2: DOUBLE (Flyball, 8LD, EV 98.8 MPH) - OUT at third base trying to stretch hit.
Bottom of the 1st over - 2 runs, 3 hits, 0 errors, 0 left on base; St. Paul 0 - Winnipeg 2
TOP OF THE 2ND
St. Paul Saints batting - Pitching for Winnipeg Goldeyes : RHP Josh Goossen-Brown
Batting: LHB Eddie Larracuente 0-0: Ball
1-0: Ball
2-0: Ball
3-0: Base on Balls
Batting: RHB Jerry Rodrigues 0-0: Foul Ball, location: 2F
0-1: Foul Ball, location: 2F
0-2: Grounds into double play, 5-4-3 (Groundball, 56, EV 86.2 MPH)
Batting: LHB Jared Mack 0-0: Ball
1-0: Ball
2-0: Called Strike
2-1: Foul Ball, location: 2F
2-2: Strikes out swinging
Top of the 2nd over - 0 runs, 0 hits, 0 errors, 0 left on base; St. Paul 0 - Winnipeg 2
BOTTOM OF THE 2ND
Winnipeg Goldeyes batting - Pitching for St. Paul Saints : RHP Rich Latham
Batting: RHB Deane Moore 0-0: Ball
1-0: Ball
2-0: Ball
3-0: Base on Balls
Batting: RHB Alvin Lozano 0-0: Called Strike
0-1: Ball
1-1: Ball
2-1: Ball
3-1: Grounds into double play, 3-6-3 (Groundball, 3, EV 77.5 MPH)
Batting: RHB David Barnes 0-0: Called Strike
0-1: Ground out 6-3 (Groundball, 6, EV 86.2 MPH)
Bottom of the 2nd over - 0 runs, 0 hits, 0 errors, 0 left on base; St. Paul 0 - Winnipeg 2
TOP OF THE 3RD
St. Paul Saints batting - Pitching for Winnipeg Goldeyes : RHP Josh Goossen-Brown
Batting: LHB Domingo Ortega 0-0: Ball
1-0: Ball
2-0: Ball
3-0: Called Strike
3-1: Called Strike
3-2: Foul Ball, location: 2F
3-2: Foul Ball, location: 2F
3-2: SINGLE (Groundball, 4D, EV 107.5 MPH)
Batting: RHB Larry Boespflug 0-0: Foul Ball, location: 2F
0-1: Swinging Strike
0-2: SINGLE (Line Drive, 78M, EV 103.8 MPH)
Domingo Ortega to second
Batting: LHB Ray Hammond 0-0: Ball
1-0: SINGLE (Groundball, 6MD, EV 103.8 MPH)
Domingo Ortega to third
Larry Boespflug to second
Runner from 3rd tries for Home, SAFE, throw by CF to home
Batting: RHB Rylan Sandoval 0-0: Swinging Strike
0-1: Ball
1-1: Swinging Strike
1-2: SINGLE (Line Drive, 7S, EV 95.0 MPH)
Larry Boespflug to third
Ray Hammond to second
Batting: SHB Davi Entrevinhas 0-0: Called Strike
0-1: Ball
1-1: Swinging Strike
1-2: Foul Ball, location: 2F
1-2: Fly out, F4 (Line Drive, 4, EV 65.0 MPH)
Batting: RHB Darryl Kirkpatrick 0-0: Ball
1-0: Called Strike
1-1: Foul Ball, location: 2F
1-2: Strikes out swinging
Batting: LHB Eddie Larracuente 0-0: Ball
1-0: Ball
2-0: Foul Ball, location: 2F
2-1: Ground out 4-3 (Groundball, 4, EV 87.5 MPH)
Top of the 3rd over - 1 run, 4 hits, 0 errors, 3 left on base; St. Paul 1 - Winnipeg 2
BOTTOM OF THE 3RD
Winnipeg Goldeyes batting - Pitching for St. Paul Saints : RHP Rich Latham
Batting: RHB Dillon Stewart 0-0: Called Strike
0-1: Foul Ball, location: 2F
0-2: Ball
1-2: Strikes out swinging
Batting: LHB David Ortega 0-0: Called Strike
0-1: Ball
1-1: Swinging Strike
1-2: Ball
2-2: Foul Ball, location: 2F
2-2: Foul Ball, location: 2F
2-2: Ball
3-2: Ground out 6-3 (Groundball, 6, EV 104.4 MPH)
Batting: LHB Edwin Chavez 0-0: Called Strike
0-1: Foul Ball, location: 2F
0-2: Ball
1-2: Fly out, F8 (Flyball, 8LM, EV 87.5 MPH)
Bottom of the 3rd over - 0 runs, 0 hits, 0 errors, 0 left on base; St. Paul 1 - Winnipeg 2
TOP OF THE 4TH
St. Paul Saints batting - Pitching for Winnipeg Goldeyes : RHP Josh Goossen-Brown
Batting: RHB Jerry Rodrigues 0-0: Ball
1-0: Called Strike
1-1: SINGLE (Groundball, 6MS, EV 63.1 MPH) (infield hit)
Batting: LHB Jared Mack 0-0: Ball
1-0: Ball
2-0: Fly out, F9 (Flyball, 9LS, EV 87.5 MPH)
Batting: LHB Domingo Ortega 0-0: Called Strike
0-1: Ball
1-1: Fly out, F9 (Line Drive, 9D, EV 88.1 MPH)
Batting: RHB Larry Boespflug 0-0: Ball
1-0: SINGLE (Flyball, 5D, EV 94.4 MPH)
Jerry Rodrigues to second
Batting: LHB Ray Hammond 0-0: Called Strike
0-1: Ball
1-1: Ball
2-1: Ball
3-1: Base on Balls
Jerry Rodrigues to third
Larry Boespflug to second
Batting: RHB Rylan Sandoval 0-0: Ball
1-0: Ball
2-0: Ground out 5-3 (Groundball, 56S, EV 85.6 MPH)
Top of the 4th over - 0 runs, 2 hits, 0 errors, 3 left on base; St. Paul 1 - Winnipeg 2
BOTTOM OF THE 4TH
Winnipeg Goldeyes batting - Pitching for St. Paul Saints : RHP Rich Latham
Batting: RHB Jason Quillen 0-0: Ball
1-0: Called Strike
1-1: Foul Ball, location: 2F
1-2: Foul Ball, location: 2F
1-2: DOUBLE (Line Drive, 7LS, EV 96.2 MPH)
Batting: RHB Gene Gorham 0-0: Called Strike
0-1: Ball
1-1: Foul Ball, location: 2F
1-2: Ball
2-2: Strikes out swinging
Batting: SHB Norman Moffatt 0-0: Ball
1-0: Ball
2-0: Ball
3-0: Called Strike
3-1: SINGLE (Groundball, 4M, EV 87.5 MPH) (infield hit)
Jason Quillen to third
Batting: RHB Deane Moore 0-0: Fly out, F7 (Line Drive, 7, EV 100.0 MPH)
Runner from 3rd tags up, SCORES, no throw by LF
Batting: RHB Alvin Lozano 0-0: Swinging Strike
0-1: Ball
Norman Moffatt is caught stealing 2nd base 2-4
Bottom of the 4th over - 1 run, 2 hits, 0 errors, 0 left on base; St. Paul 1 - Winnipeg 3
TOP OF THE 5TH
St. Paul Saints batting - Pitching for Winnipeg Goldeyes : RHP Josh Goossen-Brown
Batting: SHB Davi Entrevinhas 0-0: Called Strike
0-1: Ball
1-1: Ball
2-1: Foul Ball, location: 2F
2-2: Ball
3-2: SOLO HOME RUN (Flyball, 7LD, EV 91.2 MPH), Distance : 361 ft
Batting: RHB Darryl Kirkpatrick 0-0: Ball
1-0: Ball
2-0: DOUBLE (Groundball, 5L, EV 97.5 MPH)
Batting: LHB Eddie Larracuente 0-0: Ball
1-0: Swinging Strike
1-1: Foul Ball, location: 2F
1-2: Foul Ball, location: 2F
1-2: Ball
2-2: Foul Ball, location: 2F
2-2: Ball
3-2: Foul Ball, location: 2F
3-2: Foul Ball, location: 2F
3-2: 2-RUN HOME RUN (Flyball, 9D, EV 95.0 MPH), Distance : 387 ft
Batting: RHB Jerry Rodrigues 0-0: Fly out, F6 (Flyball, 4MD, EV 95.0 MPH)
Batting: LHB Jared Mack 0-0: Foul Ball, location: 2F
0-1: DOUBLE (Flyball, 8LXD, EV 101.2 MPH)
Batting: LHB Domingo Ortega 0-0: Ground out U3 (Groundball, 3, EV 101.2 MPH)
Jared Mack to third
Batting: RHB Larry Boespflug 0-0: Fly out, F8 (Flyball, 8LM, EV 90.6 MPH)
Top of the 5th over - 3 runs, 4 hits, 0 errors, 1 left on base; St. Paul 4 - Winnipeg 3
BOTTOM OF THE 5TH
Winnipeg Goldeyes batting - Pitching for St. Paul Saints : RHP Rich Latham
Batting: RHB Alvin Lozano 0-0: Ball
1-0: Swinging Strike
1-1: Ground out 6-3 (Groundball, 6, EV 81.9 MPH)
Batting: RHB David Barnes 0-0: Ball
1-0: Ball
2-0: Fly out, F7 (Line Drive, 7, EV 94.4 MPH)
Batting: RHB Dillon Stewart 0-0: Called Strike
0-1: Fly out, F3 (Popup, 3SF, EV 86.9 MPH)
Bottom of the 5th over - 0 runs, 0 hits, 0 errors, 0 left on base; St. Paul 4 - Winnipeg 3
TOP OF THE 6TH
St. Paul Saints batting - Pitching for Winnipeg Goldeyes : RHP Josh Goossen-Brown
Pitching: RHP Joseph Broderick
Batting: LHB Ray Hammond 0-0: Ball
1-0: Foul Ball, location: 2F
1-1: Swinging Strike
1-2: Foul Ball, location: 2F
1-2: Fly out, F8 (Flyball, 8LS, EV 90.6 MPH)
Batting: RHB Rylan Sandoval 0-0: Called Strike
0-1: Ball
1-1: Swinging Strike
1-2: Reached on error, E7 (Flyball, 7D, EV 103.1 MPH)
Batting: SHB Davi Entrevinhas 0-0: Called Strike
0-1: Ball
1-1: Foul Ball, location: 2F
1-2: Foul Ball, location: 2F
1-2: Ball
2-2: Strikes out swinging
Batting: RHB Darryl Kirkpatrick 0-0: Called Strike
0-1: Ball
1-1: Ball
2-1: Ball
3-1: Called Strike
3-2: Strikes out swinging
Top of the 6th over - 0 runs, 0 hits, 1 error, 1 left on base; St. Paul 4 - Winnipeg 3
BOTTOM OF THE 6TH
Winnipeg Goldeyes batting - Pitching for St. Paul Saints : RHP Rich Latham
Batting: LHB David Ortega 0-0: Foul Ball, location: 2F
0-1: Ball
1-1: Foul Ball, location: 2F
1-2: Strikes out swinging
Batting: LHB Edwin Chavez 0-0: Called Strike
0-1: Ball
1-1: Foul Ball, location: 2F
1-2: Foul Ball, location: 2F
1-2: Ball
2-2: Strikes out swinging
Batting: RHB Jason Quillen 0-0: Swinging Strike
0-1: Foul Ball, location: 2F
0-2: Foul Ball, location: 2F
0-2: Foul Ball, location: 2F
0-2: Foul Ball, location: 2F
0-2: Foul Ball, location: 2F
0-2: Foul Ball, location: 2F
0-2: Ball
1-2: Ground out 6-3 (Groundball, 6, EV 87.5 MPH)
Bottom of the 6th over - 0 runs, 0 hits, 0 errors, 0 left on base; St. Paul 4 - Winnipeg 3
TOP OF THE 7TH
St. Paul Saints batting - Pitching for Winnipeg Goldeyes : RHP Joseph Broderick
Batting: LHB Eddie Larracuente 0-0: Foul Ball, location: 2F
0-1: Swinging Strike
0-2: Ball
1-2: Ball
2-2: Fly out, F8 (Flyball, 8LD, EV 100.6 MPH)
Batting: RHB Jerry Rodrigues 0-0: Ground out 4-3 (Groundball, 4M, EV 105.0 MPH)
Batting: LHB Jared Mack 0-0: Fly out, F9 (Flyball, 9S, EV 96.9 MPH)
Top of the 7th over - 0 runs, 0 hits, 0 errors, 0 left on base; St. Paul 4 - Winnipeg 3
BOTTOM OF THE 7TH
Winnipeg Goldeyes batting - Pitching for St. Paul Saints : RHP Rich Latham
Batting: RHB Gene Gorham 0-0: Called Strike
0-1: Foul Ball, location: 2F
0-2: Ball
1-2: Strikes out looking
Batting: SHB Norman Moffatt 0-0: Ball
1-0: Ball
2-0: Called Strike
2-1: Called Strike
2-2: Foul Ball, location: 2F
2-2: Fly out, F7 (Flyball, 7LM, EV 108.1 MPH)
Batting: RHB Deane Moore 0-0: Ground out 6-3 (Groundball, 56, EV 85.6 MPH)
Bottom of the 7th over - 0 runs, 0 hits, 0 errors, 0 left on base; St. Paul 4 - Winnipeg 3
TOP OF THE 8TH
St. Paul Saints batting - Pitching for Winnipeg Goldeyes : RHP Joseph Broderick
Batting: LHB Domingo Ortega 0-0: Ball
1-0: Foul Ball, location: 2F
1-1: Called Strike
1-2: Ball
2-2: Strikes out looking
Batting: RHB Larry Boespflug 0-0: Called Strike
0-1: Ball
1-1: Ball
2-1: Foul Ball, location: 2F
2-2: Ball
3-2: Fly out, F9 (Flyball, 89D, EV 88.1 MPH)
Batting: LHB Ray Hammond 0-0: Fly out, F7 (Line Drive, 7, EV 95.0 MPH)
Top of the 8th over - 0 runs, 0 hits, 0 errors, 0 left on base; St. Paul 4 - Winnipeg 3
BOTTOM OF THE 8TH
Winnipeg Goldeyes batting - Pitching for St. Paul Saints : RHP Rich Latham
Pitching: RHP Matt Quintana
Batting: RHB Alvin Lozano 0-0: Ground out 5-3 (Groundball, 5S, EV 86.9 MPH)
Batting: RHB David Barnes 0-0: Foul Ball, location: 2F
0-1: Ball
1-1: Ball
2-1: SINGLE (Groundball, 6MD, EV 98.8 MPH)
Batting: RHB Dillon Stewart 0-0: Fielders Choice at 2nd, 2-4 (Groundball, 15S, EV 68.1 MPH)
Batting: LHB David Ortega 0-0: Called Strike
0-1: Foul Ball, location: 2F
0-2: Foul Ball, location: 2F
0-2: Strikes out swinging
Bottom of the 8th over - 0 runs, 1 hit, 0 errors, 1 left on base; St. Paul 4 - Winnipeg 3
TOP OF THE 9TH
St. Paul Saints batting - Pitching for Winnipeg Goldeyes : RHP Joseph Broderick
Pitching: RHP Victor Capellan
Batting: RHB Rylan Sandoval 0-0: Called Strike
0-1: Foul Ball, location: 2F
0-2: Foul Ball, location: 2F
0-2: Ground out 6-3 (Groundball, 6, EV 80.0 MPH)
Batting: SHB Davi Entrevinhas 0-0: Foul Ball, location: 2F
0-1: Swinging Strike
0-2: Hit by Pitch
Batting: RHB Darryl Kirkpatrick 0-0: Swinging Strike
0-1: Called Strike
0-2: Strikes out looking
Batting: LHB Eddie Larracuente 0-0: Called Strike
Davi Entrevinhas steals 2nd, throwing error, E2
Davi Entrevinhas to third
0-1: Swinging Strike
0-2: Strikes out swinging
Top of the 9th over - 0 runs, 0 hits, 1 error, 1 left on base; St. Paul 4 - Winnipeg 3
BOTTOM OF THE 9TH
Winnipeg Goldeyes batting - Pitching for St. Paul Saints : RHP Matt Quintana
Batting: LHB Edwin Chavez 0-0: Called Strike
0-1: Foul Ball, location: 2F
0-2: Ball
1-2: Strikes out swinging
Batting: RHB Jason Quillen 0-0: Called Strike
0-1: Ground out 6-3 (Groundball, 56S, EV 77.5 MPH)
Batting: RHB Gene Gorham 0-0: Called Strike
0-1: Foul Ball, location: 2F
0-2: Strikes out swinging
Bottom of the 9th over - 0 runs, 0 hits, 0 errors, 0 left on base; St. Paul 4 - Winnipeg 3
Thursday, October 28th , 2021 - OOTP Baseball 22.10 Build 79